 Dungeon Crawl Stone Soup version 0.19-b1-3-g7dea586 (webtiles) character file.

1032936 manyhoops the Conqueror (level 27, -8/290 HPs)
             Began as an Ogre Hunter on Oct 28, 2016.
             Was the Champion of Hepliaklqana.
             Killed from afar by Mnoleg (22 damage)
             ... with a bolt of acid
             ... while paralysed by a floating eye
             ... in Pandemonium on Oct 29, 2016.
             The game lasted 07:35:22 (94047 turns).

manyhoops the Conqueror (Ogre Hunter)              Turns: 94047, Time: 07:35:22

Health: -8/290     AC: 41    Str: 31      XL:     27
Magic:  0/25       EV: -2    Int: 11 (16) God:    Hepliaklqana [******]
Gold:   7715       SH:  0    Dex: 18      Spells: 2 memorised, 23 levels left

rFire  + + .     SeeInvis +     h - +9 morningstar (drain)
rCold  + + +     Gourm    .     X - +11 gold dragon scales
rNeg   + + +     Faith    .     W - +6 large shield of the Ladybird {Int+6 SInv}
rPois  +         Spirit   .     R - +0 hat of Beogh's Hope {rC+}
rElec  .         Reflect  +     F - +0 cloak of Aklae {rPois Regen+}
rCorr  .         Harm     .     (gloves unavailable)
MR     ++...                    (boots unavailable)
Stlth  ..........               L - amulet "Wefu" {Reflect rC+ Dex+3 SH+3 SInv}
                                M - ring of Okawaru's Pride {+Fly rF+ rN+++ Str-5 Stlth-}
                                i - ring "Deziep" {AC+2 Dex+4}

@: confused, paralysed, mighty, about to teleport, constricted
A: unfitting armour, reduced essence, blurry vision 1, clumsy 1, low mp 1,
screaming 2, tough skin 1, no device heal 1
a: Recall Ancestor, Ancestor Identity, Transference, Idealise, Renounce
Religion, Evoke Flight
}: 8/15 runes: decaying, serpentine, slimy, silver, iron, obsidian, icy, abyssal


You were in Pandemonium.
You worshipped Hepliaklqana.
Hepliaklqana was exalted by your worship.
You were very full.

You visited 14 branches of the dungeon, and saw 74 of its levels.
You visited Pandemonium 1 time, and saw 13 of its levels.
You visited the Abyss 1 time.
You visited 1 ziggurat, and saw 11 of its levels.
You also visited: Trove, Volcano and Wizlab.

You collected 10487 gold pieces.
You spent 2772 gold pieces at shops.

Inventory:

Hand Weapons
 f - the +7 sceptre of Asmodeus
   (You took it off Asmodeus on level 7 of Gehenna)
 h - a +9 morningstar of draining (weapon)
 t - the +4 eveningstar "Vyxtir" {flame, rPois SInv Stlth+}
   (You acquired it on level 1 of the Elven Halls)

   It has been specially enchanted to burn those struck by it, causing extra
   injury to most foes and up to half again as much damage against particularly
   susceptible opponents.
   It protects you from poison.
   It lets you see invisible.
   It makes you more stealthy.
 N - a +3 morningstar of holy wrath
Missiles
 y - 9 large rocks (quivered)
Armour
 u - a +2 cloak of magic resistance
 F - the +0 cloak of Aklae (worn) {rPois Regen+}
   (You found it on level 3 of the Elven Halls)

   It protects you from poison.
   It increases your rate of regeneration.
 R - the +0 hat of Beogh's Hope (worn) {rC+}
   (You bought it in a shop on level 8 of the Dungeon)

   It protects you from cold.
 W - the +6 large shield of the Ladybird (worn) {Int+6 SInv}
   (You found it on level 13 of the Dungeon)

   It affects your intelligence (+6).
   It lets you see invisible.
 X - +11 gold dragon scales (worn)
Rods
 o - a +4 rod of clouds (11/11)
   (You took it off Antaeus on level 7 of Cocytus)
Jewellery
 d - an uncursed ring of resist corrosion
 i - the ring "Deziep" (left hand) {AC+2 Dex+4}
   (You found it in a treasure trove)

   [ring of protection]

   It affects your AC (+2).
   It affects your dexterity (+4).
 x - the ring of Midsummer {Ice Str+7 Int+5 Slay-5}
   (You found it on level 3 of the Crypt)

   [ring of ice]

   It enhances your ice magic.
   It affects your strength (+7).
   It affects your intelligence (+5).
   It affects your accuracy and damage with ranged weapons and melee attacks
   (-5).
   It makes you vulnerable to fire.
   It protects you from cold.
 D - an uncursed ring of positive energy
 G - an uncursed ring of protection from fire
 L - the amulet "Wefu" (around neck) {Reflect rC+ Dex+3 SH+3 SInv}
   (You found it in a treasure trove)

   [amulet of reflection]

   It shields you and reflects attacks.
   It affects your dexterity (+3).
   It protects you from cold.
   It lets you see invisible.
   It affects your SH (+3).
 M - the ring of Okawaru's Pride (right hand) {+Fly rF+ rN+++ Str-5 Stlth-}
   (You found it on level 6 of the Lair of Beasts)

   [ring of protection from fire]

   It affects your strength (-5).
   It protects you from fire.
   It renders you almost immune to negative energy.
   It lets you fly.
   It makes you less stealthy.
Wands
 c - a wand of teleportation (4/9)
 n - a wand of digging (6/24)
 J - a wand of heal wounds (0/9)
 Q - a wand of digging (17/24)
 Z - a wand of iceblast (3/15)
Scrolls
 b - 13 scrolls of identify
 e - 10 scrolls of fear
 g - 5 scrolls of teleportation
 l - 18 scrolls of remove curse
 m - 4 scrolls of fog
 s - 9 scrolls of noise
 v - a scroll of magic mapping
 C - a scroll of amnesia
 H - a scroll of enchant weapon
 K - a scroll of recharging
 S - a scroll of holy word
 T - a scroll of silence
Potions
 a - 3 potions of cure mutation
 k - 11 potions of haste
 p - 2 potions of flight
 q - a potion of heal wounds
 r - 2 potions of might
 w - 9 potions of brilliance
 z - 12 potions of curing
 A - 2 potions of resistance
 E - 8 potions of lignification
 P - 7 potions of magic
 U - 3 potions of agility
 V - 5 potions of invisibility
 Y - 4 potions of berserk rage
Miscellaneous
 j - the horn of Geryon
 I - 6 sacks of spiders
 O - 6 boxes of beasts
Comestibles
 B - 9 beef jerkies


   Skills:
 O Level 27 Fighting
   Level 0.6 Short Blades
 O Level 27 Maces & Flails
 O Level 27 Throwing
 + Level 24.7 Armour
 - Level 20.4 Dodging
 - Level 0.6 Stealth
 - Level 21.1 Shields
 - Level 7.0 Invocations
 - Level 0.2 Evocations


You had 23 spell levels left.
You knew the following spells:

 Your Spells              Type           Power        Failure   Level  Hunger
a - Apportation           Tloc           #.........   99%         1    ##.....
b - Passwall              Tmut/Erth      #.........   100%        2    ###....


Dungeon Overview and Level Annotations

Branches:
Dungeon (15/15)            Temple (0/1) D:4            Lair (6/6) D:8
  Swamp (4/4) Lair:4        Snake (4/4) Lair:3        Slime (5/5) Lair:6
    Orc (2/2) D:12            Elf (3/3) Orc:2        Vaults (5/5) D:13
  Crypt (3/3) Vaults:3       Tomb (0/3) Crypt:3      Depths (5/5) D:15
   Hell (1/1)                 Dis (7/7) Hell            Geh (7/7) Hell
    Coc (7/7) Hell            Tar (0/7) Hell            Zot (0/5) Depths:5

Altars:
Ashenzari
Elyvilon
Hepliaklqana
Kikubaaqudgha
Qazlal
Ru
Trog
Vehumet
Jiyva

Shops:
D:7 *   D:8 *[   D:12 =   Orc:1 :   Orc:2 :!}%   Vaults:2 %=}?=   Vaults:4 (
Depths:1 (

Portals:
Hell: D:15 Hell Depths:1 Depths:2 Depths:3 Depths:4 Depths:5
Abyss: Depths:4 Depths:5
Pandemonium: Depths:3

Annotations:
Dis:7 Dispater
Coc:7 Serpent of
Hell
Pan Mnoleg


Innate Abilities, Weirdness & Mutations

You are too large for most types of armour.
You have tough skin. (AC +1)
Your life essence is reduced. (-10% HP)
Scrolls take you a little longer to read.
You are clumsy. (Dex -2)
Your magical capacity is low. (-10% MP)
You sometimes yell uncontrollably at your foes.
Potions and wands are less effective at restoring your health.


Message History

The golden eye blinks at you. You resist with almost no effort.
The tentacled monstrosity tentacle-slaps you but does no damage.
The tentacled monstrosity tentacle-slaps you.
* * * LOW HITPOINT WARNING * * *
The tentacled monstrosity tentacle-slaps you but does no damage.
The tentacled monstrosity constricts you.
The eldritch tentacle slaps you!
* * * LOW HITPOINT WARNING * * *
You are engulfed in flames.
You resist.
* * * LOW HITPOINT WARNING * * *
The eldritch tentacle claws you but does no damage.
The large abomination hits you but does no damage.
The large abomination hits you.
* * * LOW HITPOINT WARNING * * *
The eye of draining gazes at you.
The tentacled monstrosity tentacle-slaps you but does no damage. x3
Mnoleg gestures at you.
Helpless, you fail to dodge the bolt of acid.
You die...

**,,,,,,,**,*#...,,,,* #....##
***,,,,,,#..,*....,,*### #.....,
,****,,,*#..,*#...**##.## #...###
,,* *,,,*....,#...* #...# #......
,,****,,*.....#..####..#* #..#..#
,,,,**,,*.....#.ยง##(...####......
,,,,,,,,,.....GG(G(((..#.##..#..#
,,,,,,,,,....XGX&G((((....#......
,,****,,**...##X@####............
***,,,,,*,,,,,#XwXX.#####........
*,,,,,,,,,,,,GX3*G5...#,##.......
,,,,,,,,,,,....55......#,#......#
*,,,,,,,,.............#.##.......
###,,,,,*.....#.....#####........
..####..##...##..####......#.....
.R33453X.........................
..3..253.,,,,..........#.........


You could see Mnoleg, 2 tentacled monstrosities, an eldritch tentacle, 5 large
abominations, 2 eyes of draining, a neqoxec, 2 floating eyes, a quasit, 2
crimson imps and 3 golden eyes.

Vanquished Creatures
  Antaeus (Coc:7)
  Asmodeus (Geh:7)
  the Royal Jelly (Slime:5)
  An ancient lich (Crypt:3)
  2 pandemonium lords (Pan)
  Frederick (Depths:4)
  the Lernaean hydra (Swamp:4)
  3 shard shrikes (Coc:7)
  Geryon (Hell)
  A caustic shrike (Depths:2)
  3 profane servitors (Abyss:4)
  3 golden dragons
  A Tzitzimitl (Dis:7)
  7 bone dragons
  5 iron giants
  13 Brimstone Fiends
  Rupert (D:13)
  3 tentacled monstrosities
  5 Hell Sentinels
  2 liches
  3 titans
  14 Ice Fiends
  2 deep elf blademasters
  Asterion (Elf:1)
  9 acid blobs
  2 thorn hunters
  7 ancient champions
  Gastronok (Lair:2)
  A deep elf master archer (Elf:2)
  2 Executioners (Pan)
  6 eldritch tentacles
  3 storm dragons
  3 sphinxes
  5 shadow dragons
  14 tentacled starspawn
  6 nagarajas
  2 tengu reavers
  Donald (Swamp:3)
  4 revenants
  A draconian monk (Depths:4)
  3 deep elf sorcerers
  7 fire giants
  10 iron dragons
  6 azure jellies
  Louise (Elf:1)
  7 frost giants
  An orc warlord (Vaults:4)
  9 balrugs
  14 vault wardens
  4 deep elf elementalists (Elf:3)
  11 cacodemons (Pan)
  A draconian zealot (Depths:5)
  13 ironheart preservers
  5 ghouls
  A curse skull (Crypt:2)
  A juggernaut zombie (Depths:2)
  34 very ugly things
  2 elemental wellsprings
  19 stone giants
  A caustic shrike skeleton (Crypt:1)
  25 reapers
  3 draconian annihilators (Depths:4)
  20 war gargoyles
  3 black suns (Pan)
  A draconian caller (Depths:5)
  A corrupter (Pan)
  4 deep elf demonologists
  An entropy weaver (Vaults:2)
  6 vampire knights
  10 deep elf annihilators
  2 red draconians
  A black draconian (Depths:5)
  11 purple draconians
  A white draconian (Abyss:4)
  6 lorocyprocas
  A mottled draconian (Depths:5)
  3 eidola
  4 spark wasps (Depths:2)
  A crystal guardian (Vaults:4)
  4 green deaths
  9 ettins
  11 blizzard demons
  7 deep elf death magi
  Josephine (D:14)
  13 statues
  3 quicksilver dragon zombies
  8 fire dragons
  A death ooze (Slime:5)
  18 yaktaur captains
  10 great orbs of eyes
  22 ice dragons
  2 deep elf high priests (Elf:3)
  14 hydras
  Fannar (Lair:3)
  5 rakshasas
  22 vault guards
  8 naga warriors
  3 hell beasts
  3 monstrous demonspawn
  2 kraken zombies
  3 catoblepae
  5 quicksilver dragon skeletons
  4 spriggan air magi (Depths:4)
  19 anacondas
  A merfolk aquamancer (Zig:8)
  13 centaur warriors
  Erica (Lair:1)
  A ghost crab (Swamp:4)
  17 ogre magi
  2 death knights
  15 dancing weapons
  A satyr (shapeshifter) (Vaults:5)
  An alligator (shapeshifter) (Depths:2)
  5 deep troll shamans
  4 titan zombies
  8 alligators
  4 vampire magi
  A hell hog (shapeshifter) (Zig:1)
  10 deep troll earth magi
  3 spriggan berserkers
  30 hell hogs
  13 death yaks
  3 orc high priests (Orc:2)
  14 thrashing horrors
  5 tengu warriors
  8 shock serpents
  8 naga sharpshooters
  16 sun demons
  5 storm dragon zombies
  2 iron golems
  10 soul eaters
  Nergalle (Lair:1)
  4 iron trolls
  10 wretched stars
  A fire crab (shapeshifter) (Vaults:1)
  20 deep elf knights
  A ghost moth zombie (Dis:4)
  2 shadow wraiths
  96 skeletal warriors
  6 golden dragon zombies
  42 hell knights
  2 salamander mystics
  4 spatial maelstroms
  5 titan skeletons
  A deep troll (shapeshifter) (Vaults:4)
  3 storm dragon skeletons
  6 unseen horrors
  A sea snake (Snake:4)
  2 sixfirhies (Pan)
  5 anaconda zombies
  3 shadow demons
  22 deep trolls
  3 spriggan druids
  4 infernal demonspawn (Pan)
  7 flayed ghosts
  A sea snake (shapeshifter) (Depths:4)
  7 wizards
  An orange crystal statue (Zig:6)
  A swamp dragon (shapeshifter) (Vaults:2)
  9 deep elf archers
  3 hill giants
  3 shambling mangroves
  A hill giant (shapeshifter) (Depths:4)
  4 glowing orange brains
  11 ironbrand convokers
  5 naga ritualists
  A shadow dragon zombie (Vaults:4)
  4 anaconda skeletons
  2 torturous demonspawn (Pan)
  3 golden dragon skeletons
  7 harpies
  6 swamp dragons
  11 necromancers
  16 orc knights
  7 wolf spider zombies
  14 phantasmal warriors
  4 wolf spiders
  A hell hog zombie (Crypt:1)
  6 orc sorcerers
  3 iron dragon zombies
  5 frost giant zombies
  11 mana vipers
  4 cyclopes
  74 deep elf magi
  3 shadow dragon skeletons
  6 salamanders
  3 manticores
  7 shining eyes
  28 ugly things
  7 stone giant zombies
  2 stone giant skeletons
  A moth of wrath (Zig:4)
  3 fire giant zombies
  An iron dragon skeleton (Crypt:2)
  2 elephants (Lair:6)
  7 fire giant skeletons
  5 dire elephant zombies
  9 vault sentinels
  3 frost giant skeletons
  4 spriggan zombies
  A toenail golem (Pan)
  19 naga magi
  A worldbinder (Abyss:3)
  A water nymph (Zig:8)
  12 guardian serpents
  39 rust devils
  11 smoke demons
  10 molten gargoyles (Geh:7)
  20 black mambas
  3 centaur zombies
  A torpor snail (Lair:5)
  An apocalypse crab (Abyss:5)
  A torpor snail (shapeshifter) (Vaults:4)
  2 catoblepas zombies
  7 orange demons
  An ice statue (Coc:7)
  A storm dragon simulacrum (Vaults:3)
  9 spiny frogs
  18 hellions
  A komodo dragon (shapeshifter) (Vaults:4)
  3 spectral swamp worms (Depths:4)
  4 emperor scorpion zombies
  5 gargoyles
  2 efreet
  A rime drake (Lair:6)
  A yaktaur zombie (Vaults:4)
  2 human zombies
  5 demonic crawlers
  7 komodo dragons
  A kobold demonologist (D:13)
  27 tormentors
  17 ice devils
  3 yaktaurs (shapeshifter)
  40 yaktaurs
  2 hellwings
  A harpy zombie (Geh:5)
  17 freezing wraiths
  2 catoblepas skeletons
  17 red devils
  A guardian mummy (Crypt:3)
  3 tengu conjurers
  9 trolls
  A queen bee (shapeshifter) (Abyss:4)
  A silent spectre (Abyss:3)
  A yaktaur skeleton (Vaults:4)
  A white draconian skeleton (Crypt:1)
  5 ancient zymes
  A merfolk (Zig:8)
  A meliai (shapeshifter) (Depths:1)
  A polar bear (shapeshifter) (Depths:5)
  A black draconian skeleton (Crypt:1)
  A meliai (D:14)
  2 hydra zombies
  A polar bear (Lair:5)
  A wind drake (Zig:8)
  5 tyrant leeches
  2 two-headed ogres (shapeshifter)
  A tyrant leech (shapeshifter) (Depths:1)
  27 two-headed ogres
  17 blink frogs
  10 bog bodies
  4 fire dragon zombies
  13 hornets
  Prince Ribbit (D:5)
  4 harpy skeletons
  83 slime creatures
  25 raiju
  2 hippogriffs
  4 hydra skeletons
  A meliai zombie (D:14)
  2 alligator zombies
  6 ettin zombies
  An ice dragon zombie (Geh:7)
  2 dream sheep (shapeshifter)
  3 dream sheep (Lair:6)
  A centaur simulacrum (D:13)
  53 flying skulls
  3 redbacks
  17 shadows
  2 fire dragon skeletons
  2 redbacks (shapeshifter)
  9 spriggans
  7 ettin skeletons
  3 air elementals
  31 wraiths
  An elf zombie (Vaults:4)
  5 water elementals
  2 alligator skeletons
  4 ice dragon skeletons
  15 ynoxinuls
  A battlemage (Vaults:3)
  21 yaks
  A basilisk (Lair:3)
  7 fire bats
  5 golden eyes
  2 wyverns
  22 fire elementals
  2 black mamba skeletons
  16 neqoxecs
  3 hungry ghosts
  A golden eye (shapeshifter) (Depths:1)
  The ghost of tv1990 the Cudgeler, an amateur FoMo (D:4)
  19 vampire mosquitoes
  25 large abominations
  18 chaos spawn
  2 spatial vortices (Abyss:3)
  5 wargs
  An emperor scorpion simulacrum (Crypt:1)
  13 swamp worms
  A mottled dragon (Vaults:1)
  A mottled dragon (shapeshifter) (Vaults:1)
  A torturous demonspawn zombie (Crypt:2)
  44 nagas
  A water nymph zombie (Crypt:1)
  2 hydra simulacra
  7 insubstantial wisps
  A merfolk zombie (Crypt:2)
  A warg (shapeshifter) (Depths:1)
  3 water moccasins
  A floating eye (Depths:4)
  36 hell hounds
  7 swamp drakes
  A deep troll skeleton (Vaults:4)
  5 porcupines
  2 eyes of draining (shapeshifter)
  3 spiny frog skeletons
  4 spiny frog zombies
  An ice beast (shapeshifter) (Vaults:4)
  A sky beast (shapeshifter) (Vaults:5)
  42 orc warriors
  5 ice beasts
  2 sky beasts
  A manticore zombie (Dis:5)
  3 snapping turtle zombies
  19 starcursed masses
  2 phantoms
  11 necrophages
  An alligator simulacrum (Coc:7)
  A boggart (Vaults:3)
  7 eyes of draining
  A wolf (D:13)
  A centaur (shapeshifter) (Vaults:5)
  A snapping turtle skeleton (Crypt:3)
  63 ogres
  26 centaurs
  9 crocodiles
  2 big kobolds
  11 bullfrogs
  A hog skeleton (Crypt:1)
  2 spiny frog simulacra
  4 earth elementals
  An elf skeleton (Geh:2)
  A scorpion (D:12)
  2 human skeletons (Vaults:4)
  3 troll zombies
  14 killer bees
  61 wights
  2 electric eels
  A troll skeleton (Geh:6)
  6 howler monkeys
  A human simulacrum (Vaults:1)
  A spriggan skeleton (Crypt:3)
  7 crimson imps
  4 quasits
  16 small abominations
  A gnoll shaman (D:10)
  7 jellies
  Crazy Yiuf (D:2)
  23 orc priests
  A soldier ant zombie (Crypt:2)
  2 bullfrog skeletons
  3 centaur skeletons
  6 hounds
  37 iron imps
  21 orc wizards
  Terence (D:2)
  Jessica (D:3)
  An iguana (D:9)
  Ijyb (D:3)
  Natasha (twice) (D:2)
  6 hell rats
  9 worker ants
  A lightning spire (Zig:8)
  An ogre zombie (Dis:7)
  A tengu zombie (Geh:7)
  14 mummies
  Robin (D:3)
  A worker ant zombie (D:11)
  11 adders
  3 gnolls (D:5)
  7 white imps
  2 ufetubi
  An adder skeleton (D:9)
  2 worms
  2 dart slugs
  7 leopard geckos
  92 orcs
  3 ball pythons
  2 bats (D:1)
  6 giant cockroaches
  19 goblins
  9 hobgoblins
  7 jackals
  13 kobolds
  5 quokkas
  A river rat zombie (Crypt:2)
  A ball python zombie (Crypt:2)
  2 frilled lizards
  A frilled lizard zombie (Crypt:2)
  A goblin skeleton (Crypt:1)
  A kobold skeleton (Geh:7)
  14 rats
  2 briar patches (Swamp:3)
  2 crawling corpses
  A fungus (Lair:3)
  A lurking horror (Abyss:4)
  A plant (Lair:6)
  7 starspawn tentacles
  3 tentacles
3072 creatures vanquished.

Vanquished Creatures (collateral kills)
  3 ancient liches
  Mara (Swamp:3)
  6 shard shrikes
  A golden dragon (Vaults:5)
  Saint Roka (Vaults:5)
  Nikola (Swamp:2)
  4 bone dragons
  Jory (Vaults:4)
  4 Brimstone Fiends
  3 tentacled monstrosities
  2 Tzitzimimeh
  3 iron giants
  A Hell Sentinel (Dis:7)
  3 liches
  2 Ice Fiends
  2 quicksilver dragons (Dis:7)
  13 acid blobs
  A sphinx (Vaults:5)
  A titan (Vaults:4)
  A tentacled starspawn (Abyss:5)
  8 ancient champions
  2 eldritch tentacles
  2 tengu reavers (Depths:3)
  2 shadow dragons
  A storm dragon (Vaults:5)
  3 azure jellies (Slime:5)
  A fire giant (Depths:5)
  6 nagarajas
  The ghost of Chiseanne the Eclecticist, an adept DsWz of Vehumet (Swamp:4)
  An orc warlord (D:12)
  4 vault wardens (Vaults:5)
  A frost giant (Vaults:3)
  2 iron dragons (Dis:7)
  3 deep elf sorcerers
  7 cacodemons
  Aizul (Swamp:2)
  5 balrugs
  2 deep elf elementalists (Elf:3)
  A curse skull (Crypt:3)
  11 very ugly things
  9 ironheart preservers
  22 reapers
  An elemental wellspring (Coc:6)
  2 blood saints (Pan)
  8 war gargoyles
  5 stone giants
  3 deep elf demonologists
  2 bennus (Zig:6)
  An entropy weaver (Vaults:4)
  2 corrupters (Pan)
  3 vampire knights
  5 lorocyprocas
  2 purple draconians
  2 black suns (Pan)
  A yellow draconian (Depths:5)
  3 deep elf annihilators
  3 spark wasps (Depths:2)
  3 green deaths
  A mummy priest (Zig:6)
  3 statues
  4 ettins
  3 jiangshi (Depths:2)
  5 blizzard demons
  4 yaktaur captains
  6 deep elf death magi
  A quicksilver dragon zombie (Abyss:4)
  5 fire dragons
  3 great orbs of eyes
  3 ogre magi
  5 deep elf high priests
  A kraken zombie (Coc:3)
  3 rakshasas
  A hell beast (Hell)
  3 monstrous demonspawn (Pan)
  4 hydras
  11 ice dragons
  8 naga warriors
  A quicksilver dragon skeleton (Geh:5)
  An alligator snapping turtle (Zig:8)
  3 spriggan air magi
  9 anacondas
  A catoblepas (Lair:6)
  18 vault guards
  3 death knights
  5 centaur warriors
  2 alligators
  The ghost of p0werm0de the Carver, a journeyman OpWz of Makhleb (D:10)
  2 tengu warriors
  A vampire mage (Depths:3)
  3 deep troll shamans
  6 death yaks
  4 deep troll earth magi
  3 titan zombies
  12 dancing weapons
  14 hell hogs
  6 naga sharpshooters
  9 thrashing horrors
  A storm dragon zombie (Geh:6)
  17 hell knights
  2 titan skeletons
  5 soul eaters
  4 iron golems
  12 sun demons
  2 salamander mystics
  4 wretched stars
  6 deep elf knights
  7 sixfirhies
  55 skeletal warriors
  2 storm dragon skeletons
  A fire crab (shapeshifter) (D:15)
  4 sea snakes (Snake:4)
  5 iron trolls (Dis:7)
  3 flayed ghosts
  The ghost of Galewind the Eclecticist, a novice DECj of Vehumet (D:8)
  5 anaconda zombies
  A glowing orange brain (Vaults:4)
  An unseen horror (D:11)
  2 shadow demons
  7 naga ritualists
  10 deep trolls
  9 deep elf archers
  4 infernal demonspawn (Pan)
  2 torturous demonspawn (Pan)
  2 wizards
  A tengu zombie (Vaults:4)
  A golden dragon zombie (Dis:2)
  A shambling mangrove (Swamp:1)
  4 phantasmal warriors
  4 orc knights
  2 swamp dragons
  10 necromancers
  A golden dragon skeleton (Geh:7)
  5 shadow dragon zombies
  3 ghost moth zombies
  3 ironbrand convokers
  4 iron dragon zombies
  2 hill giants
  A wolf spider zombie (Geh:7)
  28 deep elf magi
  2 harpies
  2 frost giant zombies
  A mana viper (shapeshifter) (Vaults:2)
  5 anaconda skeletons
  5 mana vipers
  2 orc sorcerers
  5 salamanders
  A wolf spider (Vaults:2)
  4 shadow dragon skeletons
  A cyclops (D:15)
  A stone giant zombie (Dis:1)
  13 ugly things
  5 fire giant zombies
  A worldbinder (Abyss:3)
  3 elephants (Lair:6)
  6 guardian serpents
  4 naga magi
  A manticore (Zig:8)
  A black mamba (shapeshifter) (Depths:2)
  13 fire giant skeletons
  A shock serpent zombie (Dis:6)
  3 dire elephant zombies
  An iron dragon skeleton (Coc:4)
  A stone giant skeleton (Geh:7)
  2 frost giant skeletons
  24 rust devils
  A siren (Zig:8)
  5 orange demons
  27 black mambas
  4 vault sentinels
  A titan simulacrum (Coc:7)
  A water nymph (Zig:8)
  7 molten gargoyles
  A gargoyle (D:10)
  4 spiny frogs
  11 smoke demons
  2 spectral swamp worms (Depths:4)
  2 shock serpent skeletons
  A catoblepas zombie (Dis:7)
  11 hellions
  15 tormentors
  2 rime drakes
  3 emperor scorpion zombies
  6 komodo dragons
  11 freezing wraiths
  A komodo dragon (shapeshifter) (Depths:4)
  16 yaktaurs
  4 efreet
  11 ice devils
  5 ancient zymes (Abyss:4)
  4 hellwings
  2 guardian mummies (Crypt:3)
  7 hydra zombies
  16 red devils
  3 demonic crawlers
  2 merfolk (Zig:8)
  A jumping spider (shapeshifter) (Depths:4)
  2 meliai (D:14)
  A polar bear (D:13)
  A troll (D:12)
  2 harpy zombies
  A queen bee (shapeshifter) (Vaults:2)
  A wind drake (Zig:8)
  2 alligator zombies
  11 hornets
  9 two-headed ogres
  24 slime creatures
  5 hydra skeletons
  An ice dragon zombie (Geh:7)
  A minotaur zombie (Geh:6)
  A dream sheep (shapeshifter) (Vaults:5)
  5 small abominations
  17 blink frogs
  An ettin zombie (Geh:7)
  3 fire dragon zombies
  11 raiju
  28 flying skulls
  4 hippogriffs
  4 dream sheep (Lair:6)
  A snapping turtle (Zig:8)
  4 spriggans
  A black mamba zombie (Dis:7)
  6 fire dragon skeletons
  5 ynoxinuls
  8 shadows
  A tarantella (shapeshifter) (Elf:1)
  19 wraiths
  9 water elementals
  A vampire (Abyss:4)
  2 fire bats
  2 black mamba skeletons
  2 ettin skeletons
  A basilisk (Lair:4)
  3 wyverns
  23 yaks
  4 fire elementals
  A basilisk (shapeshifter) (Vaults:5)
  3 vampire mosquitoes
  5 golden eyes
  3 chaos spawn (Pan)
  11 neqoxecs
  2 hungry ghosts
  A gelid demonspawn zombie (Abyss:5)
  4 insubstantial wisps
  3 wargs
  13 large abominations
  16 nagas
  4 swamp worms
  A harpy simulacrum (Abyss:4)
  A mottled dragon (D:13)
  2 spatial vortices
  24 hell hounds
  Edmund (D:6)
  5 porcupines
  6 spiny frog zombies
  7 water moccasins
  A human zombie (Vaults:4)
  A black bear (Lair:3)
  22 orc warriors
  3 snapping turtle zombies
  5 swamp drakes
  4 ice beasts
  A manticore zombie (Dis:7)
  2 sky beasts
  An alligator simulacrum (Coc:1)
  An eye of draining (Slime:5)
  20 ogres
  2 phantoms
  6 necrophages
  A wolf (D:12)
  4 crocodiles
  A manticore skeleton (Geh:6)
  2 swamp dragon skeletons
  6 centaurs
  3 big kobolds
  An elf zombie (Dis:7)
  9 bullfrogs
  2 scorpions
  6 killer bees
  An electric eel (Lair:5)
  42 wights
  A howler monkey (D:9)
  8 crimson imps
  12 starcursed masses
  A hound (D:7)
  16 iron imps
  8 orc priests
  A quasit (Abyss:3)
  2 bullfrog skeletons
  12 orc wizards
  A centaur skeleton (D:12)
  Natasha (D:2)
  8 hell rats
  A killer bee zombie (D:8)
  A deep dwarf zombie (Crypt:2)
  A mummy (Dis:7)
  2 worker ant zombies
  3 gnolls (D:11)
  4 adders
  A swamp drake skeleton (Crypt:2)
  A shadow imp (D:14)
  4 white imps
  An ufetubus (Abyss:3)
  3 adder skeletons
  2 worms
  3 leopard geckos
  37 orcs
  A bat (D:2)
  A giant cockroach (D:2)
  A goblin (D:3)
  A hobgoblin (D:3)
  A jackal (D:9)
  A frilled lizard (D:2)
  6 kobolds
  A kobold zombie (Dis:3)
  A leopard gecko skeleton (D:6)
  A rat (D:2)
  A crawling corpse (Vaults:2)
  2 demonic plants (Abyss:4)
  3 fire vortices (Depths:4)
  A lurking horror (Abyss:3)
  A plant (Elf:2)
  6 starspawn tentacles
  5 tentacles
1568 creatures vanquished.

Vanquished Creatures (others)
  A deep elf master archer (Elf:3)
  2 eldritch tentacles (Pan)
  A sphinx (Depths:3)
  A fire giant (Vaults:4)
  An iron dragon (Dis:7)
  3 elemental wellsprings (Coc:7)
  A stone giant (Depths:5)
  A deep elf annihilator (Depths:4)
  A yaktaur captain (Vaults:5)
  2 centaur warriors
  5 hell hogs
  2 naga sharpshooters
  A soul eater (Pan)
  An unseen horror (D:13)
  4 deep elf archers
  A starcursed mass (Abyss:5)
  2 necromancers
  2 deep elf magi
  A stone giant skeleton (Geh:7)
  A rust devil (Dis:7)
  A naga mage (Snake:1)
  8 yaktaurs
  A red devil (Geh:7)
  A two-headed ogre (Vaults:5)
  2 flying skulls (Geh:7)
  A wraith (Geh:5)
  A large abomination (Abyss:3)
  A shadow (Geh:2)
  A fire elemental (Geh:7)
  A chaos spawn (Pan)
  A neqoxec (Abyss:3)
  A hell hound (Geh:5)
  2 centaurs
  2 ogres
  4 wights
  A small abomination (Abyss:5)
  A crimson imp (Depths:3)
  2 iron imps
  An orc priest (Orc:2)
  104 battlemagi
  A white imp (Coc:7)
  An orc (Orc:2)
  5 ancestors
  2 briar patches (Swamp:3)
  10 bushes (Abyss:4)
  6 demonic plants (Abyss:4)
  A fire vortex (Depths:4)
  9 fungi
  2 lurking horrors (Abyss:4)
  5 plants
  24 starspawn tentacles
  9 tentacles
  6 withered plants (Crypt:3)
252 creatures vanquished.

Grand Total: 4892 creatures vanquished

Notes
Turn   | Place    | Note
-------+----------+-------------------------------------------
     0 | D:1      | manyhoops the Ogre Hunter began the quest for the Orb.
     0 | D:1      | Reached XP level 1. HP: 22/22 MP: 1/1
   185 | D:1      | Reached XP level 2. HP: 21/29 MP: 2/2
   918 | D:1      | Reached XP level 3. HP: 37/37 MP: 3/3
  1070 | D:2      | Found a hazy altar of Hepliaklqana.
  1071 | D:2      | Noticed Natasha
  1073 | D:2      | Became a worshipper of Hepliaklqana the Forgotten
  1084 | D:2      | Killed Natasha
  1283 | D:2      | Noticed Natasha
  1291 | D:2      | Killed Natasha
  1291 | D:2      | Reached skill level 5 in Throwing
  1291 | D:2      | Reached XP level 4. HP: 8/43 MP: 4/4
  1566 | D:2      | Noticed Natasha
  1569 | D:2      | Killed Natasha
  1727 | D:2      | Noticed Terence
  1734 | D:2      | Killed Terence
  1734 | D:2      | Reached XP level 5. HP: 33/49 MP: 5/5
  2177 | D:2      | Found a runed door.
  2408 | D:2      | Noticed Crazy Yiuf
  2429 | D:2      | Killed Crazy Yiuf
  2662 | D:3      | Noticed Jessica
  2665 | D:3      | Killed Jessica
  2665 | D:3      | Reached skill level 5 in Fighting
  2665 | D:3      | Reached XP level 6. HP: 58/59 MP: 6/6
  2715 | D:3      | Noticed Robin
  2740 | D:3      | Killed Robin
  2968 | D:3      | Reached skill level 1 in Maces & Flails
  3026 | D:3      | Noticed Ijyb
  3029 | D:3      | Found a shattered altar of Ashenzari.
  3036 | D:3      | Killed Ijyb
  3529 | D:3      | Reached * piety under Hepliaklqana
  3670 | D:3      | Reached XP level 7. HP: 61/67 MP: 7/7
  4209 | D:4      | Noticed tv1990's ghost (amateur FoMo)
  4641 | D:4      | Found a staircase to the Ecumenical Temple.
  4686 | D:4      | Got an ichor-stained hunting sling
  4688 | D:4      | Identified the +4 hunting sling of the Wraith {venom, rElec rC- rN++ SInv} (You found it on level 4 of the Dungeon)
  4886 | D:4      | Reached XP level 8. HP: 78/78 MP: 8/8
  4999 | D:4      | Killed tv1990's ghost
  5228 | D:4      | Found a stormy altar of Qazlal.
  5293 | D:5      | Entered Level 5 of the Dungeon
  5394 | D:5      | Noticed Prince Ribbit
  5401 | D:5      | Killed Prince Ribbit
  5401 | D:5      | Reached skill level 5 in Maces & Flails
  5976 | D:5      | Reached ** piety under Hepliaklqana
  5977 | D:5      | Remembered your ancestor Pirindolo as a battlemage
  6255 | D:6      | Noticed Edmund
  6257 | D:6      | Reached XP level 9. HP: 54/90 MP: 9/9
  6262 | D:6      | Reached skill level 10 in Fighting
  6266 | D:6      | Killed Edmund
  7035 | D:6      | Found a bloodstained altar of Trog.
  7651 | D:7      | Reached XP level 10. HP: 106/106 MP: 10/10
  7699 | D:7      | Found Demott's General Store.
  8359 | D:8      | Noticed Galewind's ghost (novice DECj)
  8375 | D:8      | Killed Galewind's ghost
  8576 | D:8      | Found a radiant altar of Vehumet.
  8752 | D:8      | Found Larhitry's Assorted Antiques.
  8770 | D:8      | Bought a wavering tin ring for 115 gold pieces
  8770 | D:8      | Bought a scroll of identify for 46 gold pieces
  8770 | D:8      | Bought a scroll labeled HEMUVEKH DIOR for 23 gold pieces
  8771 | D:8      | Identified the ring "Acwaf" {rN++ Str-4 Dex+4 Stlth+} (You bought it in a shop on level 8 of the Dungeon)
  8807 | D:8      | Found a staircase to the Lair.
  8841 | D:8      | Found Ocajamp's Armour Shop.
  8844 | D:8      | Bought the cursed +0 hat of Beogh's Hope {rC+} for 195 gold pieces
  9261 | D:9      | Reached *** piety under Hepliaklqana
  9280 | D:9      | Noticed a green ugly thing
  9289 | D:9      | Killed a green ugly thing
  9839 | D:10     | Entered Level 10 of the Dungeon
  9869 | D:10     | Reached skill level 15 in Fighting
  9939 | D:10     | Noticed a gargoyle
  9948 | D:10     | Killed a gargoyle
  9948 | D:10     | Reached XP level 11. HP: 84/118 MP: 11/11
 10080 | D:10     | Noticed p0werm0de's ghost (journeyman OpWz)
 10092 | D:10     | Killed p0werm0de's ghost
 10592 | D:11     | Found a radiant altar of Vehumet.
 10732 | D:11     | Reached skill level 10 in Maces & Flails
 10758 | D:11     | Noticed a six-headed hydra
 10766 | D:11     | Killed a six-headed hydra
 11182 | D:11     | Reached **** piety under Hepliaklqana
 11626 | D:11     | Noticed an unseen horror
 11631 | D:11     | Killed an unseen horror
 12318 | D:12     | Reached ***** piety under Hepliaklqana
 12656 | D:12     | Found Erexkuokh's Jewellery Boutique.
 12854 | D:12     | Reached XP level 12. HP: 134/134 MP: 9/12
 12858 | D:12     | Found a staircase to the Orcish Mines.
 13021 | D:12     | Reached skill level 10 in Throwing
 13194 | Orc:1    | Entered Level 1 of the Orcish Mines
 13194 | Orc:1    | Noticed an orc warlord
 13337 | Lair:1   | Entered Level 1 of the Lair of Beasts
 13418 | Lair:1   | Noticed Erica
 13427 | Lair:1   | Killed Erica
 13662 | Lair:1   | Noticed Nergalle
 13668 | Lair:1   | Killed Nergalle
 13758 | Lair:1   | Noticed a four-headed hydra
 13767 | Lair:1   | Killed a four-headed hydra
 13938 | Lair:1   | Noticed a six-headed hydra
 13945 | Lair:1   | Killed a six-headed hydra
 14804 | D:8      | Bought a +0 troll leather armour for 195 gold pieces
 15049 | Lair:2   | Noticed Gastronok
 15056 | Lair:2   | Killed Gastronok
 15246 | Lair:2   | Reached XP level 13. HP: 141/141 MP: 13/13
 15593 | Lair:3   | Reached skill level 1 in Armour
 15694 | Lair:3   | Reached skill level 1 in Invocations
 15814 | Lair:3   | Noticed Fannar
 15825 | Lair:3   | Killed Fannar
 16370 | Lair:3   | Found a staircase to the Snake Pit.
 16601 | Lair:3   | Reached ****** piety under Hepliaklqana
 16817 | Lair:4   | Found a staircase to the Swamp.
 16844 | Lair:4   | Found a dark tunnel.
 16859 | Volcano  | Entered a volcano
 16892 | Volcano  | Found a bloodstained altar of Trog.
 16893 | Volcano  | Noticed a red draconian
 16926 | Volcano  | Killed a red draconian
 17919 | Lair:4   | Reached XP level 14. HP: 150/150 MP: 17/17
 18838 | Lair:5   | Reached skill level 15 in Throwing
 19053 | Lair:5   | Reached skill level 5 in Invocations
 19314 | Lair:6   | Entered Level 6 of the Lair of Beasts
 19499 | Lair:6   | Found a staircase to the Slime Pits.
 20142 | Lair:6   | Found a viscous altar of Jiyva.
 20665 | Lair:6   | Got a glittering steel ring
 20668 | Lair:6   | Identified the ring of Okawaru's Pride {+Fly rF+ rN+++ Str-5 Stlth-} (You found it on level 6 of the Lair of Beasts)
 20899 | Lair:6   | Reached XP level 15. HP: 157/157 MP: 20/20
 21578 | D:13     | Found a gate to the Vaults.
 21579 | D:13     | Noticed Rupert
 21587 | D:13     | Killed Rupert
 22277 | D:13     | Reached skill level 5 in Armour
 22700 | D:13     | Gained mutation: You have large cloven feet. [potion of mutation]
 22700 | D:13     | Gained mutation: You have a pair of small antennae on your head. [potion of mutation]
 22700 | D:13     | Gained mutation: You are partially covered in thin metallic scales. (AC +2) [potion of mutation]
 22701 | D:13     | Gained mutation: You are agile. (Dex +2) [potion of mutation]
 22701 | D:13     | Gained mutation: You are partially covered in molten scales. (AC +2) [potion of mutation]
 22702 | D:13     | Gained mutation: You are robust. (+10% HP) [potion of mutation]
 22702 | D:13     | Lost mutation: You have a pair of small antennae on your head. [potion of mutation]
 22795 | D:13     | Got an ichor-stained large shield
 22801 | D:13     | Identified the +6 large shield of the Ladybird {Int+6 SInv} (You found it on level 13 of the Dungeon)
 23747 | D:14     | Noticed Josephine
 23756 | D:14     | Killed Josephine
 24251 | D:15     | Entered Level 15 of the Dungeon
 24830 | D:15     | Reached XP level 16. HP: 184/191 MP: 21/21
 24922 | D:15     | Found a staircase to the Depths.
 26029 | Orc:1    | Found a bloodstained altar of Trog.
 26263 | Orc:1    | Found Viutar's Book Boutique.
 26528 | Orc:2    | Entered Level 2 of the Orcish Mines
 26606 | Orc:2    | Found a staircase to the Elven Halls.
 27003 | Orc:2    | Found Furchi's Food Shoppe.
 27824 | Orc:2    | Found Butz's Gadget Boutique.
 27834 | Orc:2    | Found Banas's Distillery.
 27839 | Orc:2    | Found Saromiug's Book Shoppe.
 28224 | Swamp:1  | Entered Level 1 of the Swamp
 28857 | Swamp:1  | Found a white marble altar of Elyvilon.
 29177 | Swamp:2  | Noticed a thorn hunter
 29191 | Swamp:2  | Killed a thorn hunter
 29243 | Swamp:2  | Noticed Aizul
 29250 | Swamp:2  | Killed Aizul
 29514 | Swamp:2  | Paralysed by a hornet for 2 turns
 29521 | Swamp:2  | Paralysed by a hornet for 3 turns
 29749 | Swamp:2  | Noticed Nikola
 29752 | Swamp:2  | Killed Nikola
 29752 | Swamp:2  | Reached XP level 17. HP: 208/208 MP: 22/22
 30239 | Swamp:3  | Noticed Donald
 30247 | Swamp:3  | Killed Donald
 30472 | Swamp:3  | Gained mutation: You are somewhat resistant to further mutation. [potion of beneficial mutation]
 30476 | Swamp:4  | Entered Level 4 of the Swamp
 30950 | Swamp:3  | Noticed Mara
 30970 | Swamp:3  | Killed Mara
 30976 | Swamp:3  | Got a faintly glowing robe
 30987 | Swamp:3  | Identified the +2 robe of Gozag's Delight {Str-3 Dex+7} (You found it on level 3 of the Swamp)
 31501 | Swamp:4  | Noticed Chiseanne's ghost (adept DsWz)
 31515 | Swamp:4  | Killed Chiseanne's ghost
 32201 | Swamp:4  | Noticed the 27-headed Lernaean hydra
 32223 | Swamp:4  | Killed the 27-headed Lernaean hydra
 32289 | Swamp:4  | Got a decaying rune of Zot
 32639 | Swamp:2  | Reached XP level 18. HP: 216/227 MP: 23/23
 32943 | Vaults:1 | Entered Level 1 of the Vaults
 35727 | Vaults:2 | Found a portal to a secret trove of treasure.
 35890 | Orc:2    | Bought a Necronomicon for 1545 gold pieces
 36056 | Vaults:2 | You paid a toll of a Necronomicon to enter a treasure trove
 36057 | Trove    | Entered a treasure trove
 36071 | Trove    | Got brightly glowing steam dragon scales
 36082 | Trove    | Identified the +5 steam dragon scales of Caes {rPois rC+ Int+4} (You found it in a treasure trove)
 36141 | Trove    | Got a twitching jade ring
 36143 | Trove    | Identified the ring "Deziep" {AC+2 Dex+4} (You found it in a treasure trove)
 36145 | Trove    | Got a heavily runed golden amulet
 36147 | Trove    | Got a fine bronze amulet
 36150 | Trove    | Identified the amulet "Wefu" {Reflect rC+ Dex+3 SH+3 SInv} (You found it in a treasure trove)
 36152 | Trove    | Identified the amulet "Yneuf" {Harm *Drain Str+4} (You found it in a treasure trove)
 36493 | Vaults:2 | Reached skill level 5 in Dodging
 36542 | Vaults:2 | Reached XP level 19. HP: 192/243 MP: 24/24
 37256 | Vaults:2 | Found Libynoge's Food Shop.
 37837 | Vaults:2 | Found Nuraxtev's Gadget Shop.
 37859 | Vaults:2 | Got an iridescent dagger
 37860 | Vaults:2 | Identified the +7 dagger of Gluttony {flame, rF++ rC+} (You found it on level 2 of the Vaults)
 37897 | Vaults:2 | Found Abomag's Jewellery Boutique.
 38125 | Vaults:2 | Reached skill level 27 in Fighting
 38244 | Vaults:2 | Got a polished cloak
 38255 | Vaults:2 | Identified the cursed +0 cloak of the Insatiable Souls {rC- rN+ SInv} (You found it on level 2 of the Vaults)
 38346 | Vaults:2 | Bought a box of beasts for 360 gold pieces
 38667 | Vaults:2 | Found Huasuur's Magic Scroll Boutique.
 38675 | Vaults:2 | Bought a scroll of teleportation for 63 gold pieces
 38683 | Vaults:2 | Found Aratier's Jewellery Shoppe.
 39306 | Vaults:3 | Reached skill level 10 in Dodging
 39715 | Vaults:3 | Reached XP level 20. HP: 183/256 MP: 25/25
 40238 | Vaults:3 | Found a staircase to the Crypt.
 41078 | Vaults:4 | Noticed Jory
 41091 | Vaults:4 | Killed Jory
 41848 | Vaults:4 | Found Yzynan's Weapon Emporium.
 42232 | Vaults:4 | Got an ancient battleaxe
 42233 | Vaults:4 | Identified the +4 battleaxe "Eboweityuph" {freeze, *Drain rPois Str+3} (You found it on level 4 of the Vaults)
 43127 | Crypt:1  | Entered Level 1 of the Crypt
 43378 | D:8      | Bought a glowing morningstar for 230 gold pieces
 43558 | Snake:1  | Entered Level 1 of the Snake Pit
 43565 | Snake:1  | Reached skill level 1 in Shields
 43565 | Snake:1  | Reached XP level 21. HP: 250/265 MP: 26/26
 44342 | Snake:1  | Reached skill level 5 in Shields
 45431 | Snake:2  | Found a sacrificial altar of Ru.
 45539 | Snake:2  | Reached skill level 15 in Maces & Flails
 46486 | Snake:4  | Entered Level 4 of the Snake Pit
 47636 | Snake:4  | Reached XP level 22. HP: 259/275 MP: 27/27
 47675 | Snake:4  | Reached skill level 10 in Shields
 48049 | Snake:4  | Got a serpentine rune of Zot
 48394 | Depths:1 | Entered Level 1 of the Depths
 48394 | Depths:1 | Found a gateway to Hell.
 49083 | Depths:1 | Found Aruser's Weapon Shop.
 49959 | Depths:2 | Got a crude broad axe
 49960 | Depths:2 | Identified the +11 broad axe of Wrath {drain, rC++} (You found it on level 2 of the Depths)
 50024 | Depths:2 | Reached XP level 23. HP: 219/284 MP: 28/28
 50190 | Depths:2 | Reached skill level 15 in Shields
 50191 | Depths:2 | Noticed a caustic shrike
 50196 | Depths:2 | Killed a caustic shrike
 51582 | Depths:3 | Found a one-way gate leading to the halls of Pandemonium.
 51811 | Depths:3 | Reached skill level 15 in Dodging
 52030 | Depths:3 | Noticed a golden dragon
 52032 | Depths:3 | Killed a golden dragon
 52178 | Depths:4 | Found a magical portal.
 52198 | WizLab   | Entered Iskenderun's Mystic Tower
 52665 | WizLab   | Identified Iskenderun's Reference Book on Conjuration
 52665 | WizLab   | Identified Iskenderun's Tome of Conjuration
 52877 | Depths:4 | Found a one-way gate to the infinite horrors of the Abyss.
 52926 | Depths:4 | Reached XP level 24. HP: 232/295 MP: 28/28
 54233 | Depths:4 | Found a radiant altar of Vehumet.
 54233 | Depths:4 | Noticed Frederick
 54242 | Depths:4 | Killed Frederick
 54403 | Depths:4 | Got an encrusted great mace {flame}
 54406 | Depths:4 | Identified the cursed +1 great mace of Frustration {flame, rPois} (You took it off a deep elf annihilator on level 4 of the Depths)
 54540 | Depths:5 | Entered Level 5 of the Depths
 55437 | Depths:5 | Found a gateway to a ziggurat.
 55690 | Depths:5 | Found a gate to the Realm of Zot.
 55794 | Depths:5 | Reached XP level 25. HP: 191/304 MP: 28/28
 56188 | Depths:5 | Identified a scroll of acquirement
 56191 | Depths:5 | Got a dazzling shield
 56192 | Depths:5 | Identified the +5 shield of Lesser Demons {Int+2} (You acquired it on level 5 of the Depths)
 57068 | Zig:1    | Entered Level 1 of a ziggurat
 57111 | Zig:2    | Entered Level 2 of a ziggurat
 57146 | Zig:3    | Entered Level 3 of a ziggurat
 57195 | Zig:4    | Entered Level 4 of a ziggurat
 57253 | Zig:5    | Entered Level 5 of a ziggurat
 57297 | Zig:5    | Identified the Catalogue of the Displaced Rocks
 57344 | Zig:6    | Entered Level 6 of a ziggurat
 57359 | Zig:7    | Entered Level 7 of a ziggurat
 57825 | Zig:7    | Learned a level 1 spell: Apportation
 57828 | Zig:7    | Got a crude great mace
 58059 | Zig:7    | Reached XP level 26. HP: 314/314 MP: 28/28
 58067 | Zig:7    | Identified the cursed +0 great mace of Mourning {flame, rN+} (You found it on level 7 of a ziggurat)
 58071 | Zig:8    | Entered Level 8 of a ziggurat
 58208 | Zig:9    | Entered Level 9 of a ziggurat
 58219 | Zig:9    | Noticed Boetium the pandemonium lord
 58230 | Zig:10   | Entered Level 10 of a ziggurat
 58553 | Zig:10   | Identified the Volume of Captivating Shape Shifting
 58557 | Zig:10   | Learned a level 2 spell: Passwall
 58643 | Zig:11   | Entered Level 11 of a ziggurat
 58658 | Zig:11   | Paralysed by accursed screaming for 2 turns
 58661 | Zig:11   | Paralysed by accursed screaming for 2 turns
 61032 | Crypt:3  | Entered Level 3 of the Crypt
 61309 | Crypt:3  | Reached XP level 27. HP: 299/323 MP: 22/28
 61332 | Crypt:3  | Got a steaming copper ring
 61334 | Crypt:3  | Identified the ring "Qob Satut" {+Fly Stlth+} (You found it on level 3 of the Crypt)
 61494 | Crypt:3  | Got a scintillating silver ring
 61495 | Crypt:3  | Identified the ring of Midsummer {Ice Str+7 Int+5 Slay-5} (You found it on level 3 of the Crypt)
 61597 | Crypt:3  | Found a staircase to the Tomb.
 61773 | Crypt:3  | Reached skill level 10 in Armour
 62173 | Crypt:3  | Found an ancient bone altar of Kikubaaqudgha.
 62188 | Crypt:3  | Noticed an ancient lich
 62197 | Crypt:3  | Killed an ancient lich
 62211 | Crypt:3  | Noticed an ancient lich
 62216 | Crypt:3  | Killed an ancient lich
 63117 | Vaults:5 | Entered Level 5 of the Vaults
 63150 | Vaults:5 | Noticed Saint Roka
 64430 | Vaults:5 | Killed Saint Roka
 64455 | Vaults:5 | Noticed an ancient lich
 65217 | Vaults:5 | Got a coiled turquoise ring
 65308 | Vaults:5 | Noticed an ancient lich
 65325 | Vaults:5 | Killed an ancient lich
 65757 | Vaults:5 | Got a smoking crystal amulet
 66071 | Vaults:5 | Identified the Tome of Cankerous Weightlessness
 66300 | Vaults:5 | Got a silver rune of Zot
 66326 | Vaults:5 | Killed an ancient lich
 66580 | Vaults:5 | Identified the ring "Zoaqutz" {*Tele rC++} (You took it off a yaktaur captain on level 5 of the Vaults)
 66583 | Vaults:5 | Identified the amulet "Umul" {RegenMP MR+ Str+2} (You took it off a vault guard on level 5 of the Vaults)
 66804 | Elf:1    | Entered Level 1 of the Elven Halls
 66911 | Elf:1    | Got an encrusted eveningstar
 66912 | Elf:1    | Identified the +4 eveningstar "Vyxtir" {flame, rPois SInv Stlth+} (You acquired it on level 1 of the Elven Halls)
 67049 | Elf:1    | Noticed Louise
 67049 | Elf:1    | Noticed Asterion
 67056 | Elf:1    | Killed Louise
 67070 | Elf:1    | Killed Asterion
 67965 | Elf:2    | Found a runed gate.
 67965 | Elf:2    | Found a runed gate.
 67966 | Elf:2    | Found a runed gate.
 68633 | Elf:3    | Entered Level 3 of the Elven Halls
 68877 | Elf:3    | Reached skill level 15 in Armour
 69421 | Elf:3    | Identified the Collected Works on Blistering Transformation
 69434 | Elf:3    | Got a spiked cloak
 69435 | Elf:3    | Identified the +0 cloak of Aklae {rPois Regen+} (You found it on level 3 of the Elven Halls)
 69445 | Elf:3    | Identified Dyusaduq's Handbook of Summoning
 70305 | Slime:1  | Entered Level 1 of the Pits of Slime
 71167 | Slime:5  | Entered Level 5 of the Pits of Slime
 71322 | Slime:5  | Noticed the Royal Jelly
 71333 | Slime:5  | Killed the Royal Jelly
 71849 | Slime:5  | Got a pitted marble ring
 71852 | Slime:5  | Got a slimy rune of Zot
 71960 | Slime:4  | Identified the cursed ring of Undoing {Str-3 Int+7 Slay+3} (You found it on level 5 of the Pits of Slime)
 72262 | Hell     | Entered the Vestibule of Hell
 72280 | Hell     | Noticed Geryon
 72346 | Hell     | Killed Geryon
 72926 | Hell     | Found a gateway to the freezing wastes of Cocytus.
 72960 | Hell     | Found a gateway to the decaying netherworld of Tartarus.
 73007 | Hell     | Found a gateway to the ashen valley of Gehenna.
 73086 | Hell     | Found a gateway to the Iron City of Dis.
 73103 | Dis:1    | Entered Level 1 of the Iron City of Dis
 75500 | Dis:3    | Gained mutation: You occasionally shout uncontrollably at your foes. [mutagenic glow]
 78368 | Dis:7    | Entered Level 7 of the Iron City of Dis
 80074 | Dis:7    | HP: 6/321 [iron giant/iron shot (43)]
 81995 | Dis:7    | Noticed Dispater
 82008 | Dis:7    | Got an iron rune of Zot
 82272 | Coc:1    | Entered Level 1 of Cocytus
 83478 | Coc:7    | Entered Level 7 of Cocytus
 84357 | Coc:7    | Noticed Antaeus
 84380 | Coc:7    | Killed Antaeus
 84380 | Coc:7    | Reached skill level 27 in Throwing
 84448 | Coc:7    | Got an icy rune of Zot
 84489 | Coc:7    | Noticed the Serpent of Hell
 84643 | Geh:1    | Entered Level 1 of Gehenna
 86605 | Geh:7    | Entered Level 7 of Gehenna
 86795 | Geh:7    | Gained mutation: You tend to lose your temper in combat. [mutagenic glow]
 86849 | Geh:7    | Gained mutation: Scrolls take you a little longer to read. [mutagenic glow]
 87088 | Geh:7    | Lost mutation: Scrolls take you a little longer to read. [potion of cure mutation]
 87088 | Geh:7    | Lost mutation: You are partially covered in thin metallic scales. (AC +2) [potion of cure mutation]
 87088 | Geh:7    | Lost mutation: You are agile. (Dex +2) [potion of cure mutation]
 87088 | Geh:7    | Lost mutation: You are robust. (+10% HP) [potion of cure mutation]
 87088 | Geh:7    | Lost mutation: You occasionally shout uncontrollably at your foes. [potion of cure mutation]
 87089 | Geh:7    | Lost mutation: You tend to lose your temper in combat. [potion of cure mutation]
 87089 | Geh:7    | Lost mutation: You have large cloven feet. [potion of cure mutation]
 87089 | Geh:7    | Lost mutation: You are partially covered in molten scales. (AC +2) [potion of cure mutation]
 87089 | Geh:7    | Lost mutation: You are somewhat resistant to further mutation. [potion of cure mutation]
 87931 | Geh:7    | Noticed Asmodeus
 87976 | Geh:7    | Killed Asmodeus
 87993 | Geh:7    | Got an obsidian rune of Zot
 88351 | Depths:4 | Voluntarily entered the Abyss.
 88675 | Abyss:2  | Found a corrupted altar of Lugonu.
 88701 | Abyss:2  | Found a hide-covered altar of Uskayaw.
 88878 | Abyss:3  | Found a corrupted altar of Lugonu.
 88897 | Abyss:3  | Paralysed by accursed screaming for 1 turns
 90033 | Abyss:3  | Reached skill level 27 in Maces & Flails
 90743 | Abyss:4  | Found a corrupted altar of Lugonu.
 91055 | Abyss:5  | Entered Level 5 of the Abyss
 91085 | Abyss:5  | Paralysed by accursed screaming for 1 turns
 91122 | Abyss:5  | Got an abyssal rune of Zot
 91185 | Abyss:5  | Found a corrupted altar of Lugonu.
 91229 | Abyss:5  | Paralysed by accursed screaming for 2 turns
 91237 | Abyss:5  | Paralysed by accursed screaming for 2 turns
 91244 | Abyss:5  | Found a corrupted altar of Lugonu.
 91247 | Abyss:5  | Paralysed by accursed screaming for 2 turns
 91513 | Depths:4 | Escaped the Abyss
 91563 | Pan      | Entered Pandemonium
 91696 | Pan      | Found an exit through the horrors of the Abyss.
 91696 | Pan      | Gained mutation: You are clumsy. (Dex -2) [a neqoxec]
 91702 | Pan      | Gained mutation: You occasionally shout uncontrollably at your foes. [a neqoxec]
 91814 | Pan      | Noticed Hoequd the pandemonium lord
 91832 | Pan      | Killed Hoequd the pandemonium lord
 91890 | Pan      | Found an exit through the horrors of the Abyss.
 92133 | Pan      | Gained mutation: Potions and wands are less effective at restoring your health. [a cacodemon]
 92142 | Pan      | Noticed Bucwaup the pandemonium lord
 92159 | Pan      | Killed Bucwaup the pandemonium lord
 92251 | Pan      | Found an exit through the horrors of the Abyss.
 92361 | Pan      | Noticed Osam the pandemonium lord
 92565 | Pan      | Found an exit through the horrors of the Abyss.
 92923 | Pan      | Found an exit through the horrors of the Abyss.
 93187 | Pan      | Noticed Xeuptiwn the pandemonium lord
 93202 | Pan      | Entered the realm of Mnoleg.
 93308 | Pan      | Gained mutation: You sometimes yell uncontrollably at your foes. [a neqoxec]
 93338 | Pan      | Gained mutation: Your magical capacity is low. (-10% MP) [a neqoxec]
 93365 | Pan      | Gained mutation: Scrolls take you a little longer to read. [a cacodemon]
 93916 | Pan      | Noticed Mnoleg
 93931 | Pan      | Paralysed by a floating eye for 3 turns
 94031 | Pan      | Paralysed by a floating eye for 4 turns
 94041 | Pan      | Paralysed by a floating eye for 4 turns
 94046 | Pan      | Paralysed by a floating eye for 4 turns
 94047 | Pan      | HP: 14/290 [large abomination[Mnoleg] (4)]
 94047 | Pan      | Killed from afar by Mnoleg

Skill      XL: |  1  2  3  4  5  6  7  8  9 10 11 12 13 14 15 16 17 18 19 20 21 22 23 24 25 26 27 |
---------------+----------------------------------------------------------------------------------+-----
Fighting       | 3 4 5 6 7 9 12 15 17 19 22 24 26 27 | 27.0
Throwing       | 5 6 7 8 9 12 14 16 17 18 27 | 27.0
Maces & Flails | 1 3 6 8 9 10 11 12 14 16 27 | 27.0
Armour         | 3 5 9 24 | 24.7
Invocations    | 4 6 7 |  7.0
Dodging        | 5 10 14 15 17 18 20 | 20.4
Shields        | 1 9 14 16 18 19 21 | 21.1
Short Blades   | |  0.6
Stealth        | |  0.6
Evocations     | |  0.2

Action                   |  1- 3 |  4- 6 |  7- 9 | 10-12 | 13-15 | 16-18 | 19-21 | 22-24 | 25-27 || total
-------------------------+-------+-------+-------+-------+-------+-------+-------+-------+-------++-------
Melee: Short sword       |    40 |       |       |       |       |       |       |       |       ||    40
       Flail             |       |     7 |       |       |       |       |       |       |       ||     7
       Mace              |       |    18 |    61 |       |       |       |       |       |       ||    79
       Dire flail        |       |       |     7 |    20 |   319 |   987 |   750 |       |       ||  2083
       Kick              |       |       |       |       |    45 |   334 |   595 |   621 |  3343 ||  4938
       Morningstar       |       |       |       |       |       |       |   480 |  1262 |  5773 ||  7515
       Eveningstar       |       |       |       |       |       |       |       |       |  2039 ||  2039
 Fire: Hunting sling     |    61 |   103 |   173 |   490 |   515 |   229 |     4 |       |       ||  1575
Throw: Large rock        |     8 |    27 |    15 |    22 |    83 |   121 |   173 |   172 |   458 ||  1079
       Throwing net      |       |       |       |       |     3 |       |       |       |       ||     3
       Tomahawk          |       |       |       |       |       |     3 |       |       |       ||     3
       Stone             |       |       |       |       |       |     1 |       |       |       ||     1
Invok: Ancestor Life: Ba |       |       |     1 |       |       |       |       |       |       ||     1
       Ancestor Identity |       |       |     1 |       |       |       |       |       |       ||     1
       Recall Ancestor   |       |       |     2 |     1 |     2 |     3 |       |     2 |    33 ||    43
       Idealise          |       |       |       |       |     1 |     5 |     3 |     3 |     5 ||    17
       Transference      |       |       |       |       |     2 |       |       |       |     1 ||     3
 Abil: Evoke Berserk Rag |       |       |     1 |       |       |       |       |       |       ||     1
Evoke: Wand              |       |     1 |       |       |       |     2 |       |     1 |    42 ||    46
       Box of beasts     |       |       |       |       |       |       |       |       |     1 ||     1
       Sack of spiders   |       |       |       |       |       |       |       |       |     1 ||     1
       Horn of Geryon    |       |       |       |       |       |       |       |       |     1 ||     1
  Use: Scroll            |       |     3 |    10 |    19 |    13 |    19 |    14 |     4 |    57 ||   139
       Potion            |       |       |       |       |     6 |     9 |     2 |       |    41 ||    58
 Stab: Sleeping          |     1 |       |       |       |     1 |       |       |       |       ||     2
       Distracted        |       |       |       |     1 |     2 |     3 |    17 |    16 |   128 ||   167
       Held in net/web   |       |       |       |       |     1 |       |       |       |       ||     1
  Eat: Meat ration       |       |     1 |     2 |       |     1 |       |     2 |       |     9 ||    15
       Chunk             |       |     2 |       |    23 |    26 |    37 |     7 |       |     1 ||    96
       Bread ration      |       |       |     1 |       |       |       |     1 |     5 |    20 ||    27
       Beef jerky        |       |       |       |     1 |     2 |       |     1 |       |     4 ||     8
       Royal jelly       |       |       |       |     1 |       |       |     1 |       |     1 ||     3
       Pizza             |       |       |       |       |     1 |       |     1 |     2 |     1 ||     5
       Fruit             |       |       |       |       |       |       |     7 |       |     7 ||    14
Armor: Robe              |    14 |    36 |    29 |    34 |       |       |       |       |       ||   113
       Troll leather arm |       |       |       |     2 |   154 |   401 |       |       |       ||   557
       Steam dragon scal |       |       |       |       |       |    18 |   277 |   176 |   129 ||   600
       Skin              |       |       |       |       |       |     5 |       |       |       ||     5
       Gold dragon scale |       |       |       |       |       |       |       |       |  1615 ||  1615
Dodge: Dodged            |    39 |    58 |    80 |    93 |   180 |   403 |   555 |   492 |  1725 ||  3625
Block: Other             |       |       |       |       |       |     6 |    57 |       |       ||    63
       Reflection        |       |       |       |       |       |       |    64 |    97 |   260 ||   421
       Large shield      |       |       |       |       |       |       |   670 |  1510 |  9147 || 11327
